 Dungeon Sprint DCSS version 0.32-a0-995-gb4a59205af (webtiles) character file.

Game seed: 18422459782460446022

6800000 packetloss the Conqueror (level 27, -19/249 HPs)
             Began as a Formicid Monk on Apr 23, 2024.
             Was the Champion of Makhleb.
             Demolished by a meat beast (23 damage)
             ... in the Dungeon (Sprint VIII: "Arena of Blood").
             The game lasted 00:03:55 (68 turns).

packetloss the Conqueror (Formicid Monk)              Turns: 68, Time: 00:03:56

Health: -19/249    AC:  4    Str: 26    XL:     27
Magic:  29/54      EV: 32    Int: 10    God:    Makhleb [******]
Gold:   0          SH:  0    Dex: 20    Spells: 80/80 levels left

rFire   . . .        h - +∞ Axe of Woe
rCold   . . .        d - orb {light}
rNeg    . . .        b - +0 robe
rPois   .            (helmet unavailable)
rElec   .            (no cloak)
rCorr   .            (no gloves)
SInv    +            (no boots)
Will    ++...        (no amulet)
Stlth   ++++         (no ring)
HPRegen 0.61/turn    (no ring)
MPRegen 0.34/turn

%: no passive effects
@: glowing
A: permanent stasis, dig shafts and tunnels, antennae 3, four strong arms
a: Dig, Renounce Religion, Minor Destruction, Lesser Servant of Makhleb, Major
Destruction, Greater Servant of Makhleb


You were in the Dungeon.
You worshipped Makhleb.
Makhleb was exalted by your worship.
You visited 1 branch

Inventory:

Hand Weapons
 a - a +0 hand axe
 h - the +∞ Axe of Woe (weapon)
   (You found it in the Dungeon)
Armour
 b - a +0 robe (worn)
 d - an orb of light (worn)
Potions
 c - a potion of ambrosia
 e - a potion of curing
 f - a potion of heal wounds
 g - 2 potions of magic


   Skills:
 O Level 27 Fighting
 O Level 27 Short Blades
 O Level 27 Long Blades
 O Level 27 Axes
 O Level 27 Maces & Flails
 O Level 27 Polearms
 O Level 27 Staves
 O Level 27 Ranged Weapons
 O Level 27 Throwing
 O Level 27 Armour
 O Level 27 Dodging
 O Level 27 Stealth
 O Level 27 Shields
 O Level 27 Unarmed Combat
 O Level 27 Spellcasting
 O Level 27 Conjurations
 O Level 27 Hexes
 O Level 27 Summonings
 O Level 27 Necromancy
 O Level 27 Translocations
 O Level 27 Fire Magic
 O Level 27 Ice Magic
 O Level 27 Air Magic
 O Level 27 Earth Magic
 O Level 27 Alchemy
 O Level 27 Invocations
 O Level 27 Evocations
 O Level 27 Shapeshifting


You had 80 spell levels left.
You didn't know any spells.
Your spell library was empty.

Dungeon Overview and Level Annotations

Branches:
Dungeon (1/1)

Altars:
Makhleb


Innate Abilities, Weirdness & Mutations

You cannot be hasted, slowed, berserked, paralysed or teleported.
You can dig through walls and to a lower floor.
You have a pair of large antennae on your head. (SInv)
Your four strong arms can wield two-handed weapons with a shield.


Message History

You slaughter the large bag of meat joyfully.
Makhleb accepts your kill.
You feel better.
You slash the bag of meat!
You slaughter the bag of meat joyfully.
You kill the bag of meat!
Makhleb accepts your kill.
The large bag of meat explodes!
The fiery explosion engulfs you!!
You are engulfed in blazing flames.
You hear a shout! x2
A meat beast comes into view.
The eight-headed meat hydra calls on the powers of darkness!
The eight-headed meat hydra convulses!
Your body is wracked with pain!
* * * LOW HITPOINT WARNING * * *
An accursed comes into view.
A bag of meat comes into view. It is wielding a +9 war axe.
Unknown command.
Unknown command.
A meat berserker and an accursed come into view.
The dread appears out of thin air!
A dread comes into view.
The meat beast is engulfed in blazing flames.
The dread calls on the powers of darkness!
The eight-headed meat hydra convulses!
The bag of meat convulses!
Your body is wracked with pain!
* * * LOW HITPOINT WARNING * * *
The accursed points at you and mumbles some strange words.
Something smites you!
* * * LOW HITPOINT WARNING * * *
The dread calls on the powers of darkness!
The bag of meat convulses!
Your body is wracked with pain!
* * * LOW HITPOINT WARNING * * *
The dread calls on the powers of darkness!
The eight-headed meat hydra convulses!
The bag of meat convulses!
Your body is wracked with pain!
* * * LOW HITPOINT WARNING * * *
The meat beast is engulfed in blazing flames.
The meat beast bites you!!
You die...

###...#.......
#......#MO..........
....M................
..#§...2.............
...#§...§O.o#.......#{
...§§§#O....#.......# {
...#.§....###.......###.
...§...@§§§....###......
......)#2°°°)..._.....
.....#)))§§).#W....#.
###...))))...#o.<._#
#....#.)))...#.....#
.....o.#....D..._......
.....W.........###......
........WW###.M.. ..###.
........... #.......#{


You could see 3 accurseds, 2 meat beasts, an eight-headed meat hydra, a large
bag of meat (inner flame), 4 dreads, 2 meat berserkers and 2 bags of meat.

Vanquished Creatures
  12 vampire knights (D)
  34 ogres (D)
  10 two-headed ogres (D)
  2 liches (D)
  100 orcs (D)
  10 skeletal warriors (D)
168 creatures vanquished.

Notes
Turn   | Place    | Note
-------+----------+-------------------------------------------
     0 | D        | Found the +∞ Axe of Woe
     0 | D        | packetloss the Formicid Monk began the quest for the Orb.
     0 | D        | Reached XP level 1. HP: 18/18 MP: 1/1
     4 | D        | Became a worshipper of Makhleb the Destroyer
     4 | D        | Reached * piety under Makhleb
     4 | D        | Reached ** piety under Makhleb
     4 | D        | Noticed a meat berserker
     6 | D        | Noticed a bag of meat
     6 | D        | Noticed a bag of meat
     7 | D        | Noticed a meat berserker
     9 | D        | Killed a bag of meat
     9 | D        | Noticed a bag of meat
    10 | D        | Reached skill level 16 in Fighting
    10 | D        | Reached skill level 15 in Axes
    10 | D        | Reached skill level 14 in Dodging
    10 | D        | Reached XP level 2. HP: 46/46 MP: 2/2
    10 | D        | Reached XP level 3. HP: 52/52 MP: 3/3
    10 | D        | Reached XP level 4. HP: 59/59 MP: 4/4
    10 | D        | Reached XP level 5. HP: 66/66 MP: 5/5
    10 | D        | Reached XP level 6. HP: 73/73 MP: 6/6
    10 | D        | Reached XP level 7. HP: 79/79 MP: 7/7
    10 | D        | Reached XP level 8. HP: 86/86 MP: 8/8
    10 | D        | Reached XP level 9. HP: 92/92 MP: 9/9
    10 | D        | Reached XP level 10. HP: 100/100 MP: 10/10
    10 | D        | Reached XP level 11. HP: 106/106 MP: 11/11
    10 | D        | Killed a meat berserker
    11 | D        | Reached skill level 20 in Fighting
    11 | D        | Reached skill level 18 in Axes
    11 | D        | Reached skill level 17 in Dodging
    11 | D        | Reached XP level 12. HP: 122/122 MP: 12/12
    11 | D        | Reached XP level 13. HP: 129/129 MP: 13/13
    11 | D        | Noticed a bag of meat
    11 | D        | Noticed a bag of meat
    11 | D        | Noticed a bag of meat
    11 | D        | Noticed a bag of meat
    12 | D        | Killed a meat berserker
    13 | D        | Reached skill level 23 in Fighting
    13 | D        | Reached skill level 21 in Axes
    13 | D        | Reached skill level 19 in Dodging
    13 | D        | Reached XP level 14. HP: 143/143 MP: 14/14
    13 | D        | Killed a bag of meat
    13 | D        | Reached *** piety under Makhleb
    13 | D        | Noticed a meat berserker
    13 | D        | Noticed a bag of meat
    13 | D        | Noticed a bag of meat
    14 | D        | Reached skill level 20 in Dodging
    14 | D        | Noticed a bag of meat
    14 | D        | Noticed a meat berserker
    14 | D        | Noticed a bag of meat
    14 | D        | Noticed a bag of meat
    15 | D        | Killed a bag of meat
    15 | D        | Noticed a bag of meat
    15 | D        | Noticed a meat berserker
    16 | D        | Reached skill level 24 in Fighting
    16 | D        | Reached skill level 22 in Axes
    16 | D        | Reached skill level 21 in Dodging
    16 | D        | Noticed a meat berserker
    16 | D        | Noticed a meat berserker
    16 | D        | Noticed a large bag of meat
    17 | D        | Noticed a bag of meat
    17 | D        | Noticed a meat berserker
    17 | D        | Noticed a meat berserker
    17 | D        | Noticed a meat berserker
    17 | D        | Noticed a bag of meat
    17 | D        | Noticed a bag of meat
    17 | D        | Noticed a bag of meat
    17 | D        | Noticed a bag of meat
    17 | D        | Noticed a large bag of meat
    17 | D        | Noticed a bag of meat
    17 | D        | Noticed a bag of meat
    17 | D        | Noticed a bag of meat
    17 | D        | Noticed a bag of meat
    17 | D        | Noticed a bag of meat
    17 | D        | Noticed a meat berserker
    18 | D        | Killed a meat berserker
    18 | D        | Killed a bag of meat
    18 | D        | Reached **** piety under Makhleb
    18 | D        | Killed a bag of meat
    18 | D        | Killed a meat berserker
    18 | D        | Noticed a destroyer
    18 | D        | Noticed a bag of meat
    18 | D        | Noticed a bag of meat
    18 | D        | Noticed a bag of meat
    18 | D        | Noticed a meat berserker
    18 | D        | Noticed a meat berserker
    19 | D        | Reached skill level 27 in Fighting
    19 | D        | Reached skill level 27 in Axes
    19 | D        | Reached skill level 25 in Dodging
    19 | D        | Reached XP level 15. HP: 159/159 MP: 15/15
    19 | D        | Reached XP level 16. HP: 167/167 MP: 16/16
    19 | D        | Killed a destroyer
    19 | D        | Reached ***** piety under Makhleb
    19 | D        | Noticed a meat berserker
    20 | D        | Reached skill level 27 in Dodging
    20 | D        | Reached skill level 12 in Armour
    20 | D        | Reached skill level 15 in Stealth
    20 | D        | Reached XP level 17. HP: 174/174 MP: 17/17
    20 | D        | Killed a meat berserker
    20 | D        | Noticed a meat berserker
    20 | D        | Noticed a destroyer
    20 | D        | Noticed a meat berserker
    21 | D        | Reached skill level 21 in Armour
    21 | D        | Reached skill level 25 in Stealth
    21 | D        | Reached XP level 18. HP: 182/182 MP: 18/18
    21 | D        | Noticed a meat berserker
    21 | D        | Noticed a meat berserker
    22 | D        | Reached skill level 22 in Armour
    22 | D        | Reached skill level 26 in Stealth
    22 | D        | Killed a meat berserker
    22 | D        | Killed a meat berserker
    22 | D        | Reached ****** piety under Makhleb
    22 | D        | Killed a meat berserker
    23 | D        | Reached skill level 27 in Armour
    23 | D        | Reached skill level 27 in Stealth
    23 | D        | Reached skill level 23 in Invocations
    23 | D        | Reached XP level 19. HP: 108/189 MP: 18/34
    23 | D        | Killed a meat berserker
    23 | D        | Killed a meat berserker
    23 | D        | Killed a meat berserker
    24 | D        | Reached skill level 27 in Invocations
    24 | D        | Reached skill level 24 in Spellcasting
    24 | D        | Reached XP level 20. HP: 197/197 MP: 18/48
    25 | D        | Reached skill level 27 in Spellcasting
    25 | D        | Reached skill level 7 in Maces & Flails
    25 | D        | Reached skill level 7 in Polearms
    25 | D        | Reached skill level 7 in Unarmed Combat
    25 | D        | Noticed a large bag of meat
    25 | D        | Noticed a destroyer
    25 | D        | Noticed a meat berserker
    25 | D        | Noticed a meat berserker
    26 | D        | Killed a meat berserker
    26 | D        | Killed a meat berserker
    26 | D        | Killed a meat berserker
    26 | D        | Noticed a meat berserker
    27 | D        | Reached skill level 18 in Maces & Flails
    27 | D        | Reached skill level 18 in Polearms
    27 | D        | Reached skill level 18 in Unarmed Combat
    27 | D        | Reached XP level 21. HP: 191/204 MP: 18/52
    28 | D        | Reached skill level 21 in Maces & Flails
    28 | D        | Reached skill level 20 in Polearms
    28 | D        | Reached skill level 20 in Unarmed Combat
    28 | D        | Killed a meat berserker
    28 | D        | Killed a destroyer
    28 | D        | Killed a meat berserker
    28 | D        | Killed a large bag of meat
    28 | D        | Noticed a large bag of meat
    29 | D        | Reached skill level 27 in Maces & Flails
    29 | D        | Reached skill level 26 in Polearms
    29 | D        | Reached skill level 26 in Unarmed Combat
    29 | D        | Reached XP level 22. HP: 178/212 MP: 19/53
    29 | D        | Noticed a large bag of meat
    29 | D        | Killed a meat berserker
    29 | D        | Killed a destroyer
    30 | D        | Reached skill level 27 in Polearms
    30 | D        | Reached skill level 27 in Unarmed Combat
    30 | D        | Reached skill level 26 in Staves
    30 | D        | Reached XP level 23. HP: 207/219 MP: 19/54
    33 | D        | Reached skill level 27 in Staves
    33 | D        | Reached skill level 6 in Short Blades
    33 | D        | Reached skill level 6 in Long Blades
    33 | D        | Reached skill level 6 in Ranged Weapons
    33 | D        | Reached skill level 6 in Throwing
    33 | D        | Reached skill level 9 in Shields
    33 | D        | Reached skill level 6 in Conjurations
    33 | D        | Reached skill level 8 in Hexes
    33 | D        | Reached skill level 6 in Summonings
    33 | D        | Reached skill level 6 in Necromancy
    33 | D        | Reached skill level 6 in Translocations
    33 | D        | Reached skill level 6 in Fire Magic
    33 | D        | Reached skill level 6 in Ice Magic
    33 | D        | Reached skill level 5 in Air Magic
    33 | D        | Reached skill level 8 in Earth Magic
    33 | D        | Reached skill level 9 in Alchemy
    33 | D        | Reached skill level 7 in Evocations
    33 | D        | Reached skill level 6 in Shapeshifting
    33 | D        | Reached XP level 24. HP: 227/227 MP: 20/54
    33 | D        | Noticed a large bag of meat
    34 | D        | Reached skill level 9 in Short Blades
    34 | D        | Reached skill level 8 in Long Blades
    34 | D        | Reached skill level 8 in Ranged Weapons
    34 | D        | Reached skill level 9 in Throwing
    34 | D        | Reached skill level 12 in Shields
    34 | D        | Reached skill level 8 in Conjurations
    34 | D        | Reached skill level 11 in Hexes
    34 | D        | Reached skill level 9 in Summonings
    34 | D        | Reached skill level 9 in Necromancy
    34 | D        | Reached skill level 8 in Translocations
    34 | D        | Reached skill level 9 in Fire Magic
    34 | D        | Reached skill level 9 in Ice Magic
    34 | D        | Reached skill level 7 in Air Magic
    34 | D        | Reached skill level 11 in Earth Magic
    34 | D        | Reached skill level 12 in Alchemy
    34 | D        | Reached skill level 10 in Evocations
    34 | D        | Reached skill level 9 in Shapeshifting
    34 | D        | Noticed a large bag of meat
    35 | D        | Reached skill level 11 in Short Blades
    35 | D        | Reached skill level 10 in Long Blades
    35 | D        | Reached skill level 10 in Ranged Weapons
    35 | D        | Reached skill level 11 in Throwing
    35 | D        | Reached skill level 14 in Shields
    35 | D        | Reached skill level 10 in Conjurations
    35 | D        | Reached skill level 13 in Hexes
    35 | D        | Reached skill level 11 in Summonings
    35 | D        | Reached skill level 11 in Necromancy
    35 | D        | Reached skill level 10 in Translocations
    35 | D        | Reached skill level 11 in Fire Magic
    35 | D        | Reached skill level 11 in Ice Magic
    35 | D        | Reached skill level 9 in Air Magic
    35 | D        | Reached skill level 13 in Earth Magic
    35 | D        | Reached skill level 14 in Alchemy
    35 | D        | Reached skill level 12 in Evocations
    35 | D        | Reached skill level 11 in Shapeshifting
    35 | D        | Reached XP level 25. HP: 234/234 MP: 21/54
    37 | D        | Reached skill level 12 in Short Blades
    37 | D        | Reached skill level 11 in Long Blades
    37 | D        | Reached skill level 11 in Ranged Weapons
    37 | D        | Reached skill level 12 in Throwing
    37 | D        | Reached skill level 16 in Shields
    37 | D        | Reached skill level 11 in Conjurations
    37 | D        | Reached skill level 14 in Hexes
    37 | D        | Reached skill level 12 in Summonings
    37 | D        | Reached skill level 12 in Necromancy
    37 | D        | Reached skill level 11 in Translocations
    37 | D        | Reached skill level 12 in Fire Magic
    37 | D        | Reached skill level 12 in Ice Magic
    37 | D        | Reached skill level 10 in Air Magic
    37 | D        | Reached skill level 14 in Earth Magic
    37 | D        | Reached skill level 16 in Alchemy
    37 | D        | Reached skill level 13 in Evocations
    37 | D        | Reached skill level 12 in Shapeshifting
    37 | D        | Killed a large bag of meat
    38 | D        | Reached skill level 14 in Short Blades
    38 | D        | Reached skill level 13 in Long Blades
    38 | D        | Reached skill level 13 in Ranged Weapons
    38 | D        | Reached skill level 14 in Throwing
    38 | D        | Reached skill level 18 in Shields
    38 | D        | Reached skill level 13 in Conjurations
    38 | D        | Reached skill level 16 in Hexes
    38 | D        | Reached skill level 14 in Summonings
    38 | D        | Reached skill level 14 in Necromancy
    38 | D        | Reached skill level 13 in Translocations
    38 | D        | Reached skill level 14 in Fire Magic
    38 | D        | Reached skill level 14 in Ice Magic
    38 | D        | Reached skill level 12 in Air Magic
    38 | D        | Reached skill level 16 in Earth Magic
    38 | D        | Reached skill level 18 in Alchemy
    38 | D        | Reached skill level 15 in Evocations
    38 | D        | Reached skill level 14 in Shapeshifting
    38 | D        | Reached XP level 26. HP: 214/242 MP: 21/54
    39 | D        | Noticed a destroyer
    39 | D        | Killed a large bag of meat
    39 | D        | Noticed a large bag of meat
    39 | D        | Noticed a destroyer
    40 | D        | Reached skill level 15 in Short Blades
    40 | D        | Reached skill level 14 in Long Blades
    40 | D        | Reached skill level 14 in Ranged Weapons
    40 | D        | Reached skill level 15 in Throwing
    40 | D        | Reached skill level 19 in Shields
    40 | D        | Reached skill level 14 in Conjurations
    40 | D        | Reached skill level 18 in Hexes
    40 | D        | Reached skill level 15 in Summonings
    40 | D        | Reached skill level 15 in Necromancy
    40 | D        | Reached skill level 14 in Translocations
    40 | D        | Reached skill level 15 in Fire Magic
    40 | D        | Reached skill level 15 in Ice Magic
    40 | D        | Reached skill level 13 in Air Magic
    40 | D        | Reached skill level 18 in Earth Magic
    40 | D        | Reached skill level 19 in Alchemy
    40 | D        | Reached skill level 16 in Evocations
    40 | D        | Reached skill level 15 in Shapeshifting
    40 | D        | Killed a large bag of meat
    40 | D        | Noticed a destroyer
    40 | D        | Noticed a destroyer
    41 | D        | Reached skill level 20 in Shields
    41 | D        | Reached skill level 20 in Alchemy
    41 | D        | Reached skill level 17 in Evocations
    41 | D        | Killed a large bag of meat
    41 | D        | Noticed a destroyer
    42 | D        | Reached skill level 17 in Short Blades
    42 | D        | Reached skill level 15 in Long Blades
    42 | D        | Reached skill level 15 in Ranged Weapons
    42 | D        | Reached skill level 17 in Throwing
    42 | D        | Reached skill level 21 in Shields
    42 | D        | Reached skill level 16 in Conjurations
    42 | D        | Reached skill level 20 in Hexes
    42 | D        | Reached skill level 17 in Summonings
    42 | D        | Reached skill level 17 in Necromancy
    42 | D        | Reached skill level 16 in Translocations
    42 | D        | Reached skill level 17 in Fire Magic
    42 | D        | Reached skill level 17 in Ice Magic
    42 | D        | Reached skill level 14 in Air Magic
    42 | D        | Reached skill level 20 in Earth Magic
    42 | D        | Reached skill level 21 in Alchemy
    42 | D        | Reached skill level 18 in Evocations
    42 | D        | Reached skill level 17 in Shapeshifting
    42 | D        | Reached XP level 27. HP: 198/249 MP: 22/54
    43 | D        | Reached skill level 18 in Short Blades
    43 | D        | Reached skill level 17 in Long Blades
    43 | D        | Reached skill level 17 in Ranged Weapons
    43 | D        | Reached skill level 18 in Throwing
    43 | D        | Reached skill level 23 in Shields
    43 | D        | Reached skill level 17 in Conjurations
    43 | D        | Reached skill level 21 in Hexes
    43 | D        | Reached skill level 18 in Summonings
    43 | D        | Reached skill level 18 in Necromancy
    43 | D        | Reached skill level 17 in Translocations
    43 | D        | Reached skill level 18 in Fire Magic
    43 | D        | Reached skill level 18 in Ice Magic
    43 | D        | Reached skill level 15 in Air Magic
    43 | D        | Reached skill level 21 in Earth Magic
    43 | D        | Reached skill level 23 in Alchemy
    43 | D        | Reached skill level 20 in Evocations
    43 | D        | Reached skill level 18 in Shapeshifting
    43 | D        | Killed a destroyer
    44 | D        | Reached skill level 19 in Short Blades
    44 | D        | Reached skill level 18 in Long Blades
    44 | D        | Reached skill level 18 in Ranged Weapons
    44 | D        | Reached skill level 19 in Throwing
    44 | D        | Reached skill level 24 in Shields
    44 | D        | Reached skill level 18 in Conjurations
    44 | D        | Reached skill level 23 in Hexes
    44 | D        | Reached skill level 19 in Summonings
    44 | D        | Reached skill level 19 in Necromancy
    44 | D        | Reached skill level 18 in Translocations
    44 | D        | Reached skill level 19 in Fire Magic
    44 | D        | Reached skill level 19 in Ice Magic
    44 | D        | Reached skill level 16 in Air Magic
    44 | D        | Reached skill level 23 in Earth Magic
    44 | D        | Reached skill level 24 in Alchemy
    44 | D        | Reached skill level 21 in Evocations
    44 | D        | Reached skill level 19 in Shapeshifting
    44 | D        | Killed a large bag of meat
    44 | D        | Noticed a large bag of meat
    45 | D        | Reached skill level 20 in Short Blades
    45 | D        | Reached skill level 20 in Throwing
    45 | D        | Reached skill level 25 in Shields
    45 | D        | Reached skill level 20 in Summonings
    45 | D        | Reached skill level 20 in Necromancy
    45 | D        | Reached skill level 20 in Fire Magic
    45 | D        | Reached skill level 20 in Ice Magic
    45 | D        | Reached skill level 17 in Air Magic
    45 | D        | Reached skill level 25 in Alchemy
    45 | D        | Reached skill level 22 in Evocations
    45 | D        | Reached skill level 20 in Shapeshifting
    45 | D        | Killed a destroyer
    46 | D        | Reached skill level 21 in Short Blades
    46 | D        | Reached skill level 19 in Long Blades
    46 | D        | Reached skill level 19 in Ranged Weapons
    46 | D        | Reached skill level 21 in Throwing
    46 | D        | Reached skill level 26 in Shields
    46 | D        | Reached skill level 19 in Conjurations
    46 | D        | Reached skill level 24 in Hexes
    46 | D        | Reached skill level 21 in Summonings
    46 | D        | Reached skill level 21 in Necromancy
    46 | D        | Reached skill level 19 in Translocations
    46 | D        | Reached skill level 21 in Fire Magic
    46 | D        | Reached skill level 21 in Ice Magic
    46 | D        | Reached skill level 18 in Air Magic
    46 | D        | Reached skill level 24 in Earth Magic
    46 | D        | Reached skill level 26 in Alchemy
    46 | D        | Reached skill level 21 in Shapeshifting
    46 | D        | Killed a destroyer
    46 | D        | Killed a large bag of meat
    46 | D        | Noticed a tyrant
    47 | D        | Reached skill level 22 in Short Blades
    47 | D        | Reached skill level 20 in Long Blades
    47 | D        | Reached skill level 20 in Ranged Weapons
    47 | D        | Reached skill level 22 in Throwing
    47 | D        | Reached skill level 27 in Shields
    47 | D        | Reached skill level 20 in Conjurations
    47 | D        | Reached skill level 26 in Hexes
    47 | D        | Reached skill level 22 in Summonings
    47 | D        | Reached skill level 22 in Necromancy
    47 | D        | Reached skill level 20 in Translocations
    47 | D        | Reached skill level 22 in Fire Magic
    47 | D        | Reached skill level 22 in Ice Magic
    47 | D        | Reached skill level 19 in Air Magic
    47 | D        | Reached skill level 26 in Earth Magic
    47 | D        | Reached skill level 27 in Alchemy
    47 | D        | Reached skill level 24 in Evocations
    47 | D        | Reached skill level 22 in Shapeshifting
    47 | D        | Killed a destroyer
    48 | D        | Reached skill level 21 in Long Blades
    48 | D        | Reached skill level 21 in Ranged Weapons
    48 | D        | Reached skill level 21 in Conjurations
    48 | D        | Reached skill level 21 in Translocations
    49 | D        | Reached skill level 23 in Short Blades
    49 | D        | Reached skill level 22 in Long Blades
    49 | D        | Reached skill level 22 in Ranged Weapons
    49 | D        | Reached skill level 23 in Throwing
    49 | D        | Reached skill level 22 in Conjurations
    49 | D        | Reached skill level 27 in Hexes
    49 | D        | Reached skill level 23 in Summonings
    49 | D        | Reached skill level 23 in Necromancy
    49 | D        | Reached skill level 22 in Translocations
    49 | D        | Reached skill level 23 in Fire Magic
    49 | D        | Reached skill level 23 in Ice Magic
    49 | D        | Reached skill level 20 in Air Magic
    49 | D        | Reached skill level 27 in Earth Magic
    49 | D        | Reached skill level 25 in Evocations
    49 | D        | Reached skill level 23 in Shapeshifting
    49 | D        | Noticed a destroyer
    49 | D        | Killed a destroyer
    50 | D        | Reached skill level 24 in Short Blades
    50 | D        | Reached skill level 23 in Long Blades
    50 | D        | Reached skill level 23 in Ranged Weapons
    50 | D        | Reached skill level 24 in Throwing
    50 | D        | Reached skill level 24 in Summonings
    50 | D        | Reached skill level 24 in Necromancy
    50 | D        | Reached skill level 24 in Fire Magic
    50 | D        | Reached skill level 24 in Ice Magic
    50 | D        | Reached skill level 26 in Evocations
    50 | D        | Reached skill level 24 in Shapeshifting
    50 | D        | Killed a large bag of meat
    51 | D        | Reached skill level 23 in Conjurations
    51 | D        | Reached skill level 21 in Air Magic
    52 | D        | Reached skill level 25 in Short Blades
    52 | D        | Reached skill level 24 in Long Blades
    52 | D        | Reached skill level 24 in Ranged Weapons
    52 | D        | Reached skill level 25 in Throwing
    52 | D        | Reached skill level 25 in Summonings
    52 | D        | Reached skill level 25 in Necromancy
    52 | D        | Reached skill level 23 in Translocations
    52 | D        | Reached skill level 25 in Fire Magic
    52 | D        | Reached skill level 25 in Ice Magic
    52 | D        | Reached skill level 27 in Evocations
    52 | D        | Reached skill level 25 in Shapeshifting
    53 | D        | Killed a large bag of meat
    54 | D        | Reached skill level 26 in Short Blades
    54 | D        | Reached skill level 26 in Throwing
    54 | D        | Reached skill level 24 in Conjurations
    54 | D        | Reached skill level 26 in Summonings
    54 | D        | Reached skill level 26 in Necromancy
    54 | D        | Reached skill level 24 in Translocations
    54 | D        | Reached skill level 26 in Fire Magic
    54 | D        | Reached skill level 22 in Air Magic
    54 | D        | Noticed a destroyer
    54 | D        | Noticed a destroyer
    55 | D        | Reached skill level 25 in Long Blades
    55 | D        | Reached skill level 25 in Ranged Weapons
    55 | D        | Reached skill level 26 in Shapeshifting
    55 | D        | Killed a tyrant
    55 | D        | Noticed a destroyer
    56 | D        | Reached skill level 27 in Short Blades
    56 | D        | Reached skill level 27 in Throwing
    56 | D        | Reached skill level 25 in Conjurations
    56 | D        | Reached skill level 27 in Necromancy
    56 | D        | Reached skill level 27 in Fire Magic
    56 | D        | Reached skill level 26 in Ice Magic
    56 | D        | Noticed a tyrant
    56 | D        | Killed a destroyer
    57 | D        | Reached skill level 27 in Long Blades
    57 | D        | Reached skill level 27 in Ranged Weapons
    57 | D        | Reached skill level 26 in Conjurations
    57 | D        | Reached skill level 27 in Summonings
    57 | D        | Reached skill level 26 in Translocations
    57 | D        | Reached skill level 27 in Ice Magic
    57 | D        | Reached skill level 23 in Air Magic
    57 | D        | Reached skill level 27 in Shapeshifting
    58 | D        | Killed a destroyer
    58 | D        | Noticed a large bag of meat
    59 | D        | Reached skill level 27 in Conjurations
    59 | D        | Reached skill level 27 in Translocations
    59 | D        | Reached skill level 27 in Air Magic
    60 | D        | Killed a destroyer
    60 | D        | Killed a destroyer
    60 | D        | Noticed a destroyer
    64 | D        | Noticed a dread
    64 | D        | Noticed a dread
    64 | D        | Noticed a large bag of meat
    65 | D        | Noticed a meat beast
    65 | D        | Noticed an accursed
    65 | D        | Noticed a tyrant
    66 | D        | Noticed a dread
    66 | D        | Killed a tyrant
    66 | D        | HP: 57/249 [??? (55)]
    67 | D        | Killed a large bag of meat
    67 | D        | Noticed a meat beast
    67 | D        | Noticed an accursed
    68 | D        | Noticed an accursed
    68 | D        | HP: 24/249 [??? (21)]
    68 | D        | HP: 8/249 [accursed/divine providence (16)]
    68 | D        | Demolished by a meat beast

Illustrated notes

Levels and vault maps discovered:
D:        meatsprint

Skill      XL: |  1  2  3  4  5  6  7  8  9 10 11 12 13 14 15 16 17 18 19 20 21 22 23 24 25 26 27 |
---------------+----------------------------------------------------------------------------------+-----
Fighting       | 16 20 23 27 | 27.0
Axes           | 15 18 21 27 | 27.0
Dodging        | 14 17 19 25 27 | 27.0
Armour         | 12 21 27 | 27.0
Stealth        | 15 25 27 | 27.0
Invocations    | 23 27 | 27.0
Spellcasting   | 24 27 | 27.0
Maces & Flails | 18 27 | 27.0
Polearms       | 18 26 27 | 27.0
Unarmed Combat | 18 26 27 | 27.0
Staves         | 26 27 | 27.0
Short Blades   | 6 11 14 17 27 | 27.0
Long Blades    | 6 10 13 15 27 | 27.0
Ranged Weapons | 6 10 13 15 27 | 27.0
Throwing       | 6 11 14 17 27 | 27.0
Shields        | 9 14 18 21 27 | 27.0
Conjurations   | 6 10 13 16 27 | 27.0
Hexes          | 8 13 16 20 27 | 27.0
Summonings     | 6 11 14 17 27 | 27.0
Necromancy     | 6 11 14 17 27 | 27.0
Translocations | 6 10 13 16 27 | 27.0
Fire Magic     | 6 11 14 17 27 | 27.0
Ice Magic      | 6 11 14 17 27 | 27.0
Air Magic      | 5 9 12 14 27 | 27.0
Earth Magic    | 8 13 16 20 27 | 27.0
Alchemy        | 9 14 18 21 27 | 27.0
Evocations     | 7 12 15 18 27 | 27.0
Shapeshifting  | 6 11 14 17 27 | 27.0

Action                     |  1- 3 |  4- 6 |  7- 9 | 10-12 | 13-15 | 16-18 | 19-21 | 22-24 | 25-27 || total
---------------------------+-------+-------+-------+-------+-------+-------+-------+-------+-------++-------
  Melee: Executioner's axe |     1 |       |       |     1 |     4 |     4 |     5 |     4 |    29 ||    48
 Armour: Robe              |       |       |       |       |     1 |     1 |     4 |     1 |    32 ||    39
  Dodge: Dodged            |       |       |       |       |       |       |       |     2 |     2 ||     4

Table legend: (Time is in decaauts)
 A = Elapsed time spent in this place.
 B = Non-inter-level travel time spent in this place.
 C = Inter-level travel time spent in this place.
 D = Time resting spent in this place.
 E = Time spent auto-exploring this place.
 F = Levels seen in this place.
 G = Mean time per level.
                   A        B        C        D        E       F      G
               +--------+--------+--------+--------+--------+-----+--------+
         Total |     55 |     55 |      0 |      0 |      0 |   1 |   55.0 |
       Dungeon |     55 |     55 |      0 |      0 |      0 |   1 |   55.0 |
               +--------+--------+--------+--------+--------+-----+--------+

Top non-repeatable levels by time:
       D: 55 daAuts
